[Event "European Womens-ch 2025"]
[Site "Rhodes"]
[Date "2025.04.04"]
[Round "5.61"]
[White "Kalyva, Kyriaki"]
[Black "Acarbay, Algi"]
[Result "1/2-1/2"]
[Annotator "NA"]
[ECO "D13"]
[WhiteElo "1885"]
[BlackElo "2052"]
[PlyCount "156"]
[EventDate "2025.03.29"]
[EventType "swiss"]
[EventCountry "GRE"]
[SourceTitle "playchess.com"]
[Source "ChessBase"]
[SourceQuality "1"]
[TimeControl "40/5400+30:1800+30"]

1. Nf3 d5 2. c4 c6 3. e3 Nf6 4. cxd5 cxd5 5. Nc3 Nc6 6. d4 Bg4 7. Be2 a6 8. O-O e6 9. a3 Bd6 10. h3 Bh5 11. b4 b5 12. Bb2 O-O 13. Rc1 Rc8 14. Qb3 Nd7 15. Rfd1 Nb6 16. e4 Re8 17. e5 Be7 18. Nb1 Nc4 19. Rc2 Qb6 20. Bxc4 bxc4 21. Qe3 Bg6 22. Re2 Bd3 23. Rxd3 cxd3 24. Qxd3 Qb5 25. Qxb5 axb5 26. Nc3 Na7 27. Nd2 f6 28. Nb3 fxe5 29. dxe5 Rc4 30. Nd2 Rc7 31. Nb3 Rec8 32. Re3 Rc4 33. Rd3 Bxb4 34. axb4 Rxb4 35. Nd1 Kf7 36. Nd4 Ra4 37. Nc3 Ra5 38. Nce2 b4 39. Rb3 Rc4 40. Nf4 Ra6 41. Kf1 g5 42. Nd3 Ra4 43. f4 h6 44. fxg5 hxg5 45. h4 gxh4 46. Nf4 Nc6 47. Ndxe6 d4 48. Ng5+ Ke8 49. Ne4 Rc2 50. Ke1 Ra2 51. Nd3 Rxg2 52. Ndf2 Rg1+ 53. Ke2 Rb1 54. Nd6+ Kd7 55. Nc4 Ke6 56. Nd1 Nxe5 57. Nd2 d3+ 58. Ke1 Rbxb2 59. Nxb2 h3 60. Rxb4 h2 61. Rh4 Rxb2 62. Rxh2 Kd5 63. Rh4 Ra2 64. Rb4 Ra1+ 65. Rb1 Ra8 66. Rb5+ Kd4 67. Nb3+ Ke4 68. Nd2+ Kf4 69. Rb4+ Kf5 70. Kf2 Rh8 71. Nf3 Ng4+ 72. Kg3 Nf6 73. Rf4+ Ke6 74. Rd4 Rg8+ 75. Kh3 Nd5 76. Kh4 Rh8+ 77. Kg3 Rg8+ 78. Kf2 Rf8 1/2-1/2

[Event "European Womens-ch 2025"]
[Site "Rhodes"]
[Date "2025.04.04"]
[Round "5.62"]
[White "Bochnickova, Andrea"]
[Black "Saraci, Ndriqona"]
[Result "1-0"]
[Annotator "NA"]
[ECO "B01"]
[WhiteElo "2051"]
[BlackElo "1692"]
[PlyCount "55"]
[EventDate "2025.03.29"]
[EventType "swiss"]
[EventCountry "GRE"]
[SourceTitle "playchess.com"]
[Source "ChessBase"]
[SourceQuality "1"]
[TimeControl "40/5400+30:1800+30"]

1. e4 d5 2. exd5 Qxd5 3. Nc3 Qa5 4. d4 Nf6 5. Nf3 c6 6. Bd2 Qc7 7. Bc4 Bf5 8. Ne5 e6 9. g4 Bg6 10. h4 Nbd7 11. Bf4 Be4 12. Nxe4 Nxe4 13. Qf3 Qa5+ 14. c3 Nd6 15. Bb3 Nxe5 16. Bxe5 Nb5 17. O-O-O Nc7 18. Kb1 f6 19. Bxc7 Qxc7 20. Bxe6 Qd6 21. Rhe1 Be7 22. c4 Kf8 23. h5 a5 24. c5 Qc7 25. Qf5 a4 26. Bc4 Qc8 27. Re6 Ra7 28. Rxf6+ 1-0

[Event "European Womens-ch 2025"]
[Site "Rhodes"]
[Date "2025.04.04"]
[Round "5.63"]
[White "Caku, Kler"]
[Black "Korinioti, Myrto"]
[Result "1-0"]
[Annotator "NA"]
[ECO "B72"]
[WhiteElo "2036"]
[BlackElo "1667"]
[PlyCount "49"]
[EventDate "2025.03.29"]
[EventType "swiss"]
[EventCountry "GRE"]
[SourceTitle "playchess.com"]
[Source "ChessBase"]
[SourceQuality "1"]
[TimeControl "40/5400+30:1800+30"]

1. e4 c5 2. Nf3 Nc6 3. d4 cxd4 4. Nxd4 g6 5. Nc3 Bg7 6. Be3 Nf6 7. Bc4 O-O 8. Bb3 d6 9. h3 Bd7 10. O-O Nxd4 11. Bxd4 b5 12. a3 a6 13. Qd3 Bc6 14. Rad1 Nd7 15. Bxg7 Kxg7 16. Ne2 Nc5 17. Qc3+ f6 18. Bd5 Bxd5 19. exd5 Kg8 20. Nd4 Qb6 21. Qe3 Rfe8 22. Rfe1 Ra7 23. Qh6 Rf8 24. b4 Na4 25. Nc6 1-0

[Event "European Womens-ch 2025"]
[Site "Rhodes"]
[Date "2025.04.04"]
[Round "5.64"]
[White "Bania, Eleni"]
[Black "Zvereva, Marija"]
[Result "1/2-1/2"]
[Annotator "NA"]
[ECO "B09"]
[WhiteElo "1809"]
[BlackElo "2033"]
[PlyCount "35"]
[EventDate "2025.03.29"]
[EventType "swiss"]
[EventCountry "GRE"]
[SourceTitle "playchess.com"]
[Source "ChessBase"]
[SourceQuality "1"]
[TimeControl "40/5400+30:1800+30"]

1. e4 d6 2. d4 Nf6 3. Nc3 g6 4. f4 Bg7 5. Nf3 O-O 6. Bd3 Nbd7 7. O-O c6 8. Kh1 b5 9. f5 b4 10. Ne2 Nb6 11. Qe1 c5 12. c3 bxc3 13. bxc3 cxd4 14. cxd4 d5 15. e5 Ne4 16. Nh4 Bb7 17. Ng3 Rc8 18. Ba3 1/2-1/2

[Event "European Womens-ch 2025"]
[Site "Rhodes"]
[Date "2025.04.04"]
[Round "5.65"]
[White "Valkova, Angelika"]
[Black "Silva, Ana Ines Teixeira Da"]
[Result "1-0"]
[Annotator "NA"]
[ECO "D31"]
[WhiteElo "2001"]
[BlackElo "1893"]
[PlyCount "119"]
[EventDate "2025.03.29"]
[EventType "swiss"]
[EventCountry "GRE"]
[SourceTitle "playchess.com"]
[Source "ChessBase"]
[SourceQuality "1"]
[TimeControl "40/5400+30:1800+30"]

1. d4 d5 2. c4 e6 3. Nc3 h6 4. cxd5 exd5 5. Bf4 Nf6 6. e3 Bd6 7. Bxd6 Qxd6 8. Bd3 O-O 9. Nge2 b6 10. Ng3 c5 11. dxc5 bxc5 12. O-O Ba6 13. Nf5 Qe5 14. f4 Qe6 15. Bxa6 Nxa6 16. Nxd5 Rfd8 17. Nxf6+ Qxf6 18. Qc2 Rab8 19. b3 c4 20. Qxc4 Qxf5 21. Qxa6 Rd2 22. Rfd1 Rbd8 23. Rxd2 Rxd2 24. Qc6 Qd3 25. Qf3 Re2 26. h3 Rxe3 27. Qf1 Qd2 28. Qd1 Re2 29. Qxd2 Rxd2 30. Kh2 g6 31. Kg3 Kg7 32. Kf3 h5 33. b4 Rb2 34. a3 Kf6 35. Re1 Ra2 36. Re3 g5 37. fxg5+ Kxg5 38. Re5+ f5 39. Ra5 Rb2 40. Rxa7 Rb3+ 41. Ke2 Kf4 42. Ra5 Rb2+ 43. Kd3 Rxg2 44. b5 Kg3 45. Ra4 Kxh3 46. b6 Rg8 47. Ra5 Rb8 48. Rb5 Kg2 49. a4 f4 50. a5 f3 51. Rg5+ Kf1 52. Rxh5 f2 53. Rf5 Ke1 54. Kc4 f1=Q+ 55. Rxf1+ Kxf1 56. Kb5 Ke2 57. a6 Kd3 58. b7 Kd4 59. Kb6 Kd5 60. a7 1-0

[Event "European Womens-ch 2025"]
[Site "Rhodes"]
[Date "2025.04.04"]
[Round "5.66"]
[White "Lamprianou, Marianna"]
[Black "Mitraka, Chrysoula-Paraskevi"]
[Result "0-1"]
[Annotator "NA"]
[ECO "B13"]
[WhiteElo "1498"]
[BlackElo "1820"]
[PlyCount "114"]
[EventDate "2025.03.29"]
[EventType "swiss"]
[EventCountry "GRE"]
[SourceTitle "playchess.com"]
[Source "ChessBase"]
[SourceQuality "1"]
[TimeControl "40/5400+30:1800+30"]

1. e4 c6 2. d4 d5 3. exd5 cxd5 4. Bd3 Nc6 5. c3 Nf6 6. Bf4 Bg4 7. Qb3 Qd7 8. Nd2 e6 9. Ngf3 Bxf3 10. Nxf3 a6 11. O-O Be7 12. Rae1 O-O 13. Qc2 Rac8 14. Qd1 Bd6 15. Be5 Qe7 16. a3 h6 17. c4 dxc4 18. Bxc4 Rfd8 19. h3 Bxe5 20. Bxe6 fxe6 21. Nxe5 Nxe5 22. Rxe5 Qd7 23. Qb3 Rc6 24. Rfe1 Nd5 25. Qg3 Qf7 26. R1e2 Rf8 27. f3 Qf4 28. Qf2 Rc1+ 29. Re1 Rxe1+ 30. Qxe1 Qxd4+ 31. Kh1 Qxb2 32. Rxe6 Nf4 33. Rg6 Nxg6 34. Qe6+ Kh7 35. Qe4 Qc1+ 36. Kh2 Qf4+ 37. Qxf4 Rf7 38. Qf5 Rxf5 39. Kg3 Rf4 40. h4 Rxh4 41. Kf2 Ra4 42. g4 Rxa3 43. Ke2 b5 44. Kd2 b4 45. Kc2 Rxf3 46. Kb2 b3 47. Kb1 a5 48. Kb2 a4 49. Kb1 a3 50. Kc1 a2 51. Kb2 Rf2+ 52. Ka1 Rf1+ 53. Kb2 a1=Q+ 54. Kxb3 Rc1 55. g5 hxg5 56. Kb4 Qb2+ 57. Ka4 Ra1# 0-1

[Event "European Womens-ch 2025"]
[Site "Rhodes"]
[Date "2025.04.04"]
[Round "5.67"]
[White "Revelioti, Eleni Nefeli"]
[Black "Kaka, Rengina Tsampika"]
[Result "1/2-1/2"]
[Annotator "NA"]
[ECO "C50"]
[WhiteElo "1470"]
[BlackElo "1509"]
[PlyCount "52"]
[EventDate "2025.03.29"]
[EventType "swiss"]
[EventCountry "GRE"]
[SourceTitle "playchess.com"]
[Source "ChessBase"]
[SourceQuality "1"]
[TimeControl "40/5400+30:1800+30"]

1. e4 e5 2. Nf3 Nc6 3. Bc4 Bc5 4. Nc3 d6 5. h3 h6 6. d3 Nf6 7. O-O O-O 8. Re1 Na5 9. Bb3 Nxb3 10. axb3 a6 11. Be3 Ba7 12. Bxa7 Rxa7 13. d4 Nd7 14. Re3 Qf6 15. Nd5 Qd8 16. Nh2 c6 17. Nc3 Qb6 18. d5 Nf6 19. Rg3 Qd4 20. Qf3 Kh8 21. Rd1 Qb6 22. Nf1 c5 23. Ne3 Qc7 24. Nf5 Bxf5 25. exf5 b5 26. Re1 Rg8 1/2-1/2